 Dungeon Crawl Stone Soup version 0.30.1-6-gbe392663c4 (webtiles) character file.

Game seed: 16383258335693692310

4551 monsoonserge the Merchant of Misery (level 10, -1/76 HPs)
             Began as a Demonspawn Monk on Sept 21, 2023.
             Was a Believer of Kikubaaqudgha.
             Shot with an arrow by a centaur (5 damage)
             ... on level 8 of the Dungeon.
             The game lasted 00:28:58 (7176 turns).

monsoonserge the Merchant of Misery (DsMo)          Turns: 7176, Time: 00:28:59

Health: -1/76      AC:  7    Str: 12    XL:     10   Next: 17%
Magic:  9/14       EV: 14    Int: 20    God:    Kikubaaqudgha [**....]
Gold:   402        SH:  0    Dex: 19    Spells: 9/15 levels left

rFire   . . .        g - +8 dagger of the Gnashing Penguin {pain, rCorr Dex+4}
rCold   + . .        (no shield)
rNeg    + . .        d - +2 leather armour {rC+}
rPois   .            L - +0 helmet
rElec   .            (no cloak)
rCorr   +            (no gloves)
SInv    .            o - +0 pair of boots
Will    .....        N - amulet of magic regeneration
Stlth   ++           E - ring of positive energy
HPRegen 0.32/turn    (no ring)
MPRegen 0.54/turn

%: no passive effects
@: lethally poisoned (-1 -> -6)
A: claws 2, demonic guardian 1, big brain 2
a: Renounce Religion, Unearth Wretches


You were on level 8 of the Dungeon.
You worshipped Kikubaaqudgha.
Kikubaaqudgha was pleased with you.
You visited 2 branches of the dungeon, and saw 10 of its levels.

You collected 460 gold pieces.
You spent 58 gold pieces at shops.

Inventory:

Hand Weapons
 g - the +8 dagger of the Gnashing Penguin (weapon) {pain, rCorr Dex+4}
   (You found it on level 2 of the Dungeon)

   Dex:       It affects your dexterity (+4).
   rCorr:     It protects you from acid and corrosion.
Missiles
 h - 9 atropa-tipped darts
 B - a throwing net
 J - 10 poisoned darts (quivered)
 K - 6 boomerangs
Armour
 d - a +2 leather armour of cold resistance (worn)
 o - a +0 pair of boots (worn)
 L - a +0 helmet (worn)
 O - a +1 leather armour of willpower
Magical Staves
 k - a staff of fire
 C - a staff of air
Jewellery
 m - an amulet of reflection
 q - an amulet of regeneration
 E - a ring of positive energy (left claw)
 N - an amulet of magic regeneration (around neck)
Wands
 M - a wand of flame (21)
Scrolls
 f - a scroll of butterflies {unknown}
 i - 7 scrolls of enchant weapon {unknown}
 l - a scroll of acquirement {unknown}
 n - a scroll of fog {unknown}
 p - 3 scrolls of enchant armour {unknown}
 s - a scroll of immolation {unknown}
 t - 6 scrolls of identify {unknown}
 u - 2 scrolls of magic mapping {unknown}
 v - 4 scrolls of teleportation {unknown}
 w - a scroll of blinking {unknown}
 y - 2 scrolls of poison {unknown}
 I - a scroll of noise {unknown}
Potions
 a - 3 potions of cancellation {unknown}
 b - a potion of flight
 c - a potion of ambrosia
 e - 3 potions of curing {unknown}
 j - 2 potions of haste {unknown}
 r - a potion of degeneration {unknown}
 z - a potion of heal wounds
 A - 2 potions of might {unknown}
 D - a potion of magic {unknown}
 F - a potion of invisibility
 G - 4 potions of mutation {unknown}
 H - a potion of attraction {unknown}


   Skills:
 + Level 5.9 Fighting
 + Level 6.2(6.5) Short Blades
 - Level 3.2(5.1) Long Blades
 + Level 0.9 Throwing
 + Level 3.7 Armour
 + Level 5.3 Dodging
 + Level 3.3 Stealth
 + Level 1.0 Unarmed Combat
 - Level 3.0 Spellcasting
 * Level 8.8 Necromancy
 + Level 1.6 Evocations


You had 9 spell levels left.
You knew the following spells:

 Your Spells              Type           Power      Damage    Failure   Level
a - Necrotise             Necr           100%       1d9       1%          1
b - Vampiric Draining     Necr           38%        2d8       1%          3
c - Sublimation of Blood  Necr           38%        N/A       1%          2

Your spell library contained the following spells:

 Spells                   Type           Power      Damage    Failure   Level
 Kiss of Death            Conj/Necr      80%        2d11      3%          1
 Cigotuvi's Dreadful Rot  Necr/Pois/Air  28%        N/A       9%          2
 Agony                    Necr           38%        N/A       13%         5
 Hailstorm                Conj/Ice       3%         3d3       47%         3
 Ice Form                 Ice/Tmut       3%         N/A       87%         4
 Petrify                  Tmut/Erth      3%         N/A       87%         4
 Irradiate                Conj/Tmut      1%         3d12      99%         5
 Simulacrum               Ice/Necr       10%        N/A       99%         6


Dungeon Overview and Level Annotations

Branches:
Dungeon (9/15)             Temple (1/1) D:7
   Lair: D:8-11         Orc: D:9-12

Altars:
Ashenzari
Dithmenos
Fedhas
Gozag
Kikubaaqudgha
Makhleb
Nemelex Xobeh
Qazlal
Ru
Sif Muna
Trog
Uskayaw
Vehumet
Wu Jian
Xom
Yredelemnul

Shops:
D:2 (   D:4 (   D:6 (*

Annotations:
D:7 1 runed translucent door, IHitMyHead's ghost, novice MiFi


Innate Abilities, Weirdness & Mutations

You have very sharp fingernails.
A weak demonic guardian rushes to your aid.
You have an extremely huge brain. (Int +4)


Message History

Okay, then.
Casting: Vampiric Draining (safe; 1% risk of failure)
Confirm with . or Enter, or press ? or * to list all spells.
You draw magical energy from your own body!
The killer bee stings you.
* * * LOW HITPOINT WARNING * * *
A demonic guardian appears!
The centaur shoots an arrow.
The arrow hits your quasit! The killer bee stings you.
* * * LOW HITPOINT WARNING * * *
You are lethally poisoned!
The killer bee poisons you!
Casting: Sublimation of Blood (safe; 1% risk of failure)
Confirm with . or Enter, or press ? or * to list all spells.
Aiming: Vampiric Draining (safe; 1% risk of failure)
Press: ? - help, Shift-Dir - straight line, f/p - killer bee
Aim: a killer bee You draw life force from the killer bee!
You feel life coursing into your body.
* * * LOW HITPOINT WARNING * * *
You feel very sick.
Your quasit bites the centaur.
Your quasit claws the centaur.
Your quasit barely misses the centaur.
The centaur unwields a +0 shortbow.
The centaur closely misses your quasit. The centaur barely misses your quasit.
Your quasit bites the centaur.
Your quasit closely misses the centaur.
Your quasit claws the centaur.
Your quasit closely misses the centaur.
Your quasit claws the centaur but does no damage.
Your quasit barely misses the centaur.
Casting: Vampiric Draining (safe; 1% risk of failure)
Confirm with . or Enter, or press ? or * to list all spells.
Aiming: Vampiric Draining (safe; 1% risk of failure)
Press: ? - help, Shift-Dir - straight line, f - killer bee, p - killer bee
Aim: a killer bee You draw life force from the killer bee!
You feel life coursing into your body!
You feel sick. The killer bee stings you!
* * * LOW HITPOINT WARNING * * *
The centaur wields a +0 shortbow.
The centaur shoots an arrow.
The arrow closely misses your quasit. The arrow hits you.
You die...
Kikubaaqudgha rasps: "You have failed me!
Welcome... death!"

..# #[....# .. #
#.......# #.# #
..#.#.....##(. #
#...#######.. ###...#
#(# #.....# #K#
#.....#######.# .
#.........##..######^...
#....#...(...yyy@.5c....
#<...##....#.#######5...
.>..###....#.# . ##
###.###......#### .# #
#........#..).## .## #
#####....####."##
##..### # #....#
##..##### #.....) #
#....#
##...).#####....!o #
###### #####.....#.....o


You could see a centaur (ally target), 3 killer bees and 2 friendly quasits.

Vanquished Creatures
  A two-headed ogre (D:8)
  Pikel (D:7)
  2 water moccasins (D:6)
  3 orc warriors
  2 sky beasts
  3 ice beasts
  2 black bears (D:7)
  2 ogres
  2 phantoms
  2 kobold brigands
  3 bullfrogs (D:7)
  2 gnoll sergeants
  2 scorpions
  2 wights
  3 killer bees
  3 jellies (D:7)
  3 hounds
  A gnoll bouda (D:5)
  4 orc priests
  3 iguanas
  Natasha (D:2)
  6 orc wizards
  10 gnolls
  7 adders
  An ufetubus (D:4)
  An adder zombie (D:2)
  2 dart slugs
  28 orcs
  6 ball pythons
  6 bats
  A bat zombie (D:2)
  10 endoplasms
  A giant cockroach (D:1)
  7 goblins
  5 hobgoblins
  4 jackals (D:1)
  3 quokkas
  2 ball python zombies (D:2)
  2 frilled lizards (D:2)
  12 kobolds
  A quokka simulacrum (D:2)
  A quokka zombie (D:2)
  2 rats
165 creatures vanquished.

Vanquished Creatures (collateral kills)
  Joseph (D:7)
  A wight (D:8)
  An orc wizard (D:7)
  A gnoll (D:5)
  An adder (D:6)
  A white imp (D:5)
  An orc (D:5)
  A ball python (D:6)
8 creatures vanquished.

Vanquished Creatures (others)
  A kobold (D:8)
1 creature vanquished.

Grand Total: 174 creatures vanquished

Notes
Turn   | Place    | Note
-------+----------+-------------------------------------------
     0 | D:1      | monsoonserge the Demonspawn Monk began the quest for the
                  | Orb.
     0 | D:1      | Reached XP level 1. HP: 18/18 MP: 1/1
   159 | D:1      | Gained mutation: You have an unusually large brain. (Int
                  | +2) [demonic ancestry]
   159 | D:1      | Reached XP level 2. HP: 16/24 MP: 2/2
   938 | D:1      | Gained mutation: You have sharp fingernails. [demonic
                  | ancestry]
   938 | D:1      | Reached XP level 3. HP: 29/29 MP: 3/3
  1207 | D:2      | Found Inumoiffo's Antique Weapon Emporium.
  1440 | D:2      | Noticed Natasha
  1454 | D:2      | Killed Natasha
  1455 | D:2      | Gained mutation: You have an extremely huge brain. (Int +4)
                  | [demonic ancestry]
  1455 | D:2      | Reached XP level 4. HP: 27/37 MP: 4/4
  1546 | D:2      | Identified the +8 dagger of the Gnashing Penguin {pain,
                  | rCorr Dex+4}
  1555 | D:2      | Learned a level 1 spell: Necrotise
  1709 | D:3      | Reached skill level 1 in Unarmed Combat
  1712 | D:3      | Reached skill level 1 in Armour
  2019 | D:3      | Found a shimmering altar of Xom.
  2020 | D:3      | Found a shimmering altar of Xom.
  2020 | D:3      | Found a shimmering altar of Xom.
  2020 | D:3      | Found a shimmering altar of Xom.
  2021 | D:3      | Found a shimmering altar of Xom.
  2164 | D:3      | Reached skill level 1 in Short Blades
  2253 | D:4      | Gained mutation: A weak demonic guardian rushes to your
                  | aid. [demonic ancestry]
  2253 | D:4      | Reached XP level 5. HP: 32/42 MP: 0/5
  2473 | D:4      | Reached skill level 1 in Spellcasting
  2613 | D:4      | Found a hide-covered altar of Uskayaw.
  2786 | D:4      | Reached skill level 1 in Necromancy
  2853 | D:4      | Noticed an ogre
  2876 | D:4      | Killed an ogre
  2877 | D:4      | Reached skill level 1 in Stealth
  2877 | D:4      | Reached XP level 6. HP: 48/48 MP: 7/7
  2940 | D:4      | Found Moklorut's Antique Weapon Boutique.
  2950 | D:5      | Entered Level 5 of the Dungeon
  3044 | D:5      | Found a blossoming altar of Fedhas.
  3045 | D:5      | Found an opulent altar of Gozag.
  3109 | D:5      | Noticed an ice beast
  3123 | D:5      | Killed an ice beast
  3124 | D:5      | Reached skill level 2 in Necromancy
  3305 | D:5      | Reached XP level 7. HP: 48/55 MP: 5/8
  3488 | D:5      | Reached skill level 3 in Necromancy
  3488 | D:5      | Reached skill level 1 in Evocations
  4180 | D:6      | Reached skill level 4 in Necromancy
  4211 | D:6      | Learned a level 3 spell: Vampiric Draining
  4251 | D:6      | Reached XP level 8. HP: 61/61 MP: 9/9
  4434 | D:6      | Found Echerr's Weapon Shop.
  4438 | D:6      | Bought 5 atropa-tipped darts for 58 gold pieces
  4601 | D:6      | Reached skill level 5 in Necromancy
  4757 | D:6      | Found Yczuasep's Serpentskin Sales.
  5194 | D:7      | Found a runed translucent door.
  5214 | D:7      | Reached skill level 5 in Fighting
  5214 | D:7      | Reached skill level 6 in Necromancy
  5412 | D:7      | Noticed IHitMyHead's ghost (novice MiFi)
  5422 | D:7      | Noticed Pikel
  5437 | D:7      | Killed Pikel
  5438 | D:7      | Reached skill level 5 in Short Blades
  5438 | D:7      | Gained mutation: You have very sharp fingernails. [demonic
                  | ancestry]
  5438 | D:7      | Reached XP level 9. HP: 26/68 MP: 5/10
  5456 | D:7      | Reached skill level 7 in Necromancy
  5688 | D:7      | Found a sacrificial altar of Ru.
  5957 | D:7      | Found a staircase to the Ecumenical Temple.
  5964 | Temple   | Entered the Ecumenical Temple
  6035 | Temple   | Became a worshipper of Kikubaaqudgha
  6035 | Temple   | Reached * piety under Kikubaaqudgha
  6035 | Temple   | Received a gift from Kikubaaqudgha
  6035 | Temple   | Reached ** piety under Kikubaaqudgha
  6039 | Temple   | Learned a level 2 spell: Sublimation of Blood
  6131 | D:7      | Noticed Joseph
  6279 | D:7      | Killed Joseph
  6309 | D:7      | Reached skill level 5 in Dodging
  6818 | D:9      | Reached skill level 8 in Necromancy
  7107 | D:8      | Reached XP level 10. HP: 66/76 MP: 9/14
  7145 | D:8      | Noticed a two-headed ogre
  7159 | D:8      | Killed a two-headed ogre
  7176 | D:8      | Shot with an arrow by a centaur

Illustrated notes

Levels and vault maps discovered:
D:1:      lemuel_arrival_tunnels, layout_loops_ring, minmay_fountain_box
D:2:      layout_rooms, serial_shops, shop, dilly_guarded_unrand_morg
D:3:      kennysheep_big_flooded_room, layout_basic, xom_redecorated
D:4:      layout_gridville, eat_drink_and_be_merry_uskayaw, serial_shops, shop
D:5:      layout_rooms, mainiacjoe_overflow_divided_tiny,
          minmay_strange_pillars, lightli_minifort
D:6:      layout_loops_ring, serial_shops, nicolae_shop_back_alley_shop,
          guppyfry_shop_venom
D:7:      layout_basic, mainiacjoe_overflow_24_doors,
          minmay_temple_entry_nine_rooms, ebering_ghost_reflecting_pool,
          serial_park_tiny_2, dk_noncrumbling_4, nrook_mini_vaults,
          hangedman_decor_opposing, uniq_pikel, uniq_joseph
D:8:      layout_rooms, serial_shops, nicolae_shop_bloodbath_and_beyond
D:9:      layout_loops_ring, mainiacjoe_overflow_catwalk,
          general_overflow_altar, mainiacjoe_overflow_alcove_2,
          due_lair_maze_entry_diamond, erik_orc_1, corexii_corridor_pit
Temple:   cyrus_circular_temple

Skill      XL: |  1  2  3  4  5  6  7  8  9 |
---------------+----------------------------+-----
Long Blades    | 3 |  3.2
Dodging        | 3 4 5 |  5.3
Unarmed Combat | 1 |  1.0
Armour         | 1 2 3 |  3.7
Short Blades   | 1 2 3 5 6 |  6.2
Fighting       | 4 5 |  5.9
Spellcasting   | 1 3 |  3.0
Necromancy     | 1 2 4 6 8 |  8.8
Stealth        | 1 2 3 |  3.3
Evocations     | 1 |  1.6
Throwing       | |  0.9

Action                     |  1- 3 |  4- 6 |  7- 9 | 10-12 || total
---------------------------+-------+-------+-------+-------++-------
  Melee: Falchion          |    62 |       |       |       ||    62
         Short sword       |    34 |    29 |       |       ||    63
         Unarmed           |     6 |       |       |       ||     6
         Dagger            |       |    84 |   213 |    10 ||   307
         Punch             |       |     2 |     4 |       ||     6
  Throw: Dart              |       |     1 |     4 |     6 ||    11
         Boomerang         |       |       |     2 |       ||     2
   Cast: Necrotise         |       |    21 |    57 |       ||    78
         Vampiric Draining |       |       |    19 |     8 ||    27
         Sublimation of Bl |       |       |     1 |     2 ||     3
  Evoke: Wand              |       |     7 |     5 |       ||    12
    Use: Potion            |     2 |       |     1 |       ||     3
   Stab: Sleeping          |       |     1 |     3 |       ||     4
         Distracted        |       |       |     1 |       ||     1
 Armour: Robe              |    25 |       |       |       ||    25
         Leather armour    |     4 |    33 |    60 |     1 ||    98
  Dodge: Dodged            |    79 |    91 |   150 |    10 ||   330
  Block: Orb               |     8 |    11 |       |       ||    19
         Reflection        |     1 |       |     2 |       ||     3
         Other             |       |    24 |    34 |       ||    58
